 Dungeon Crawl Stone Soup version 0.32-a0-163-g159c032296 (webtiles) character file.

Game seed: 1866774021260914171

57 zeratav the Sneak (level 4, 0/28 HPs)
             Began as an Octopode Shapeshifter on Feb 11, 2024.
             Slain by a hobgoblin (5 damage)
             ... led by Robin
             ... on level 2 of the Dungeon.
             The game lasted 00:01:50 (1239 turns).

zeratav the Sneak (Octopode Shapeshifter)           Turns: 1239, Time: 00:01:50

Health: 0/28       AC:  1    Str: 15    XL:     4   Next: 0%
Magic:  4/4        EV: 13    Int: 12    God:
Gold:   55         SH:  0    Dex: 11    Spells: 3/3 levels left

rFire   . .          .
                       - Unarmed
rCold   . . .        (no shield)
rNeg    . . .        (helmet currently unavailable)
rPois   .            (no amulet)
rElec   .            (no ring)
rCorr   .            (no ring)
SInv    .            (no ring)
Will    .....        (no ring)
Stlth   ++++         (no ring)
HPRegen 0.24/turn    (no ring)
MPRegen 0.09/turn    (no ring)
                     (no ring)

%: no passive effects
@: beast-form
A: beast (slay +1), almost no armour, amphibious, 8 rings, camouflage 1,
gelatinous body 1, (nimble swimmer 1), tentacles
a: Begin Untransformation


You were on level 2 of the Dungeon.
You were a hulking beast.
You visited 1 branch of the dungeon, and saw 2 of its levels.

You collected 55 gold pieces.


Innate Abilities, Weirdness & Mutations

You are a hulking beast.
Your limbs bulge with bestial killing power. (Slay +1)
You cannot wear most types of armour.
You are amphibious.
You can wear up to eight rings at the same time.
Your skin changes colour to match your surroundings (Stealth+).
Your rubbery body absorbs attacks. (AC +1, EV +1)
((You are camouflaged when in or above water. (Stealth+)))
You have tentacles for arms and can constrict up to eight enemies at once.


   Skills:
 + Level 1.2 Fighting
 - Level 2.0 Dodging
 - Level 5.0 Stealth
 - Level 3.0 Unarmed Combat
 - Level 3.0 Shapeshifting


You had 3 spell levels left.
You didn't know any spells.
Your spell library was empty.

Inventory:

Missiles
 j - 2 poisoned darts (quivered) {throwing}
Talismans
 b - a beast talisman
 c - a flux talisman
Scrolls
 d - 2 scrolls of identify {unknown}
 e - a scroll of vulnerability {unknown}
 h - a scroll of blinking {unknown}
 i - a scroll of immolation {unknown}
 k - a scroll of poison {unknown}
 l - a scroll of revelation {unknown}
 m - 2 scrolls of teleportation {unknown}
Potions
 a - a potion of lignification {!q}
 f - 2 potions of curing {unknown}
 g - a potion of enlightenment {unknown}

Dungeon Overview and Level Annotations

Branches:
Dungeon (2/15) Zot: 10763

Altars:
Qazlal

Annotations:
D:2 Robin

###
#.#.#g###.###..#
##### #
#g..#.#.#..# #...#
#.###g###.#.#.##
#...#
#....g........#
....#
###...g#.######
#...# ####.gg#
#...############g#
#)...##.......##g#
#>....#.).....##h#
#...#...(.....##.#
#######...######.##
###.### #.[.#
#...###...#
###.#.....# #######
#...#...# #.....#
###.....###.)...#
#...#>........#


You could see 2 hobgoblins and 2 goblins.


Message History

HP[-5]
You take 5 damage, and now have 13/23 hp.
MASSIVE DAMAGE!! (PAUSE) HP[+1] HP[+1]
The goblin shoots a sling bullet.
The sling bullet hits you.
* * * LOW HITPOINT WARNING * * *
HP[-4]
You take 4 damage, and now have 11/23 hp.
The goblin shoots a sling bullet.
The sling bullet barely misses you.
HP[+1] HP[+1]
The goblin unwields a +0 sling.
The goblin wields a +0 dagger.
The goblin barely misses you.
HP[+1]
You tentacle-slap the goblin. You grab the goblin. You squeeze the goblin.
You kill the goblin!
Things that are here:
a +0 dagger {short}; a +0 sling; a goblin corpse You start resting.
HP[+9]
Your hp is fully restored (23).
You see here the +0 scale mail "Rukki" {rPois Regen+}.
A goblin and a hobgoblin come into view.
The goblin shouts!
You hear a shout! x4
The hobgoblin moves out of view.
A goblin comes into view. It is wielding a +0 dagger.
You barely miss the goblin. Your grab misses the goblin.
The goblin hits you with a +0 club.
HP[-2]
You take 2 damage, and now have 21/23 hp.
You closely miss the goblin. Your grab misses the goblin.
The goblin hits you but does no damage.
The hobgoblin shouts!
You tentacle-slap the goblin.
You kill the goblin!
You hear a shout! x2
A goblin comes into view. It is wielding a +0 dagger.
The goblin unwields a +0 dagger.
The goblin wields a +0 sling.
The goblin shoots a sling bullet.
The sling bullet hits you!
You hear a shout!
HP[-7]
You take 7 damage, and now have 14/23 hp.
MASSIVE DAMAGE!! (PAUSE)
A goblin comes into view. It is wielding a +0 club.
The goblin shouts!
You hear a shout! x2
The goblin shoots a sling bullet.
The sling bullet closely misses you.
You see here a +0 club {mace}.
A goblin comes into view. It is wielding a +0 club.
HP[+1]
You tentacle-slap the goblin. You grab the goblin. You constrict the goblin.
The goblin unwields a +0 sling.
The goblin wields a +0 dagger.
The goblin hits you with a +0 dagger.
* * * LOW HITPOINT WARNING * * *
HP[-4]
You take 4 damage, and now have 11/23 hp.
You tentacle-slap the goblin.
You kill the goblin!
Training target 5.0 for Stealth reached!
Your Stealth skill increases to level 5!
You need to enable at least one skill for training.
The goblin attacks as it pursues you! The goblin hits you with a +0 club.
* * * LOW HITPOINT WARNING * * *
HP[-2]
You take 2 damage, and now have 9/23 hp.
HP[+1]
The goblin attacks as it pursues you! The goblin hits you with a +0 club.
* * * LOW HITPOINT WARNING * * *
HP[-3]
You take 3 damage, and now have 7/23 hp.
The hobgoblin completely misses you. The goblin attacks as it pursues you!
The goblin barely misses you. The goblin attacks as it pursues you!
The goblin hits you with a +0 club.
* * * LOW HITPOINT WARNING * * *
You tentacle-slap the goblin. Your grab misses the goblin.
The goblin misses you.
You miss the goblin. Your grab misses the goblin.
Your squeeze misses the goblin. The goblin barely misses you.
You closely miss the goblin. You grab the goblin. You constrict the goblin.
The goblin misses you.
You tentacle-slap the goblin.
You kill the goblin!
You closely miss the hobgoblin. Your grab misses the hobgoblin.
The hobgoblin closely misses you.
HP[+1]
You tentacle-slap the hobgoblin. You grab the hobgoblin.
You constrict the hobgoblin. The hobgoblin hits you.
* * * LOW HITPOINT WARNING * * *
HP[-4]
You take 4 damage, and now have 4/23 hp.
You completely miss the hobgoblin. You squeeze the hobgoblin.
You constrict the hobgoblin.
You kill the hobgoblin!
You have reached level 4!
HP[+1] MP[+1]
You now have 28 max hp (+5).
Your mp is fully restored (4).
You barely miss the hobgoblin. You grab the hobgoblin.
You constrict the hobgoblin, but do no damage.
The hobgoblin hits you.
You die...

Skill      XL: |  1  2  3 |
---------------+----------+-----
Stealth        | 2 4 5 |  5.0
Fighting       | |  1.2
Dodging        | |  2.0
Unarmed Combat | |  3.0
Shapeshifting  | |  3.0

Action                     |  1- 3 |  4- 6 || total
---------------------------+-------+-------++-------
  Melee: Unarmed           |    61 |     1 ||    62
         Constrict         |    16 |     1 ||    17
         Tentacles         |    12 |       ||    12
   Stab: Sleeping          |     7 |       ||     7
 Armour: Skin              |    28 |     1 ||    29
  Dodge: Dodged            |    36 |       ||    36

Levels and vault maps discovered:
D:1:      heliophobic_arrival_dark_side_of_the_moon, layout_loops_ring,
          shapermc_ecumenical_altar_mp_urbaneastern
D:2:      layout_basic, basic_altar, minmay_misc_feat_nine_boxes, uniq_robin

Notes
Turn   | Place    | Note
-------+----------+-------------------------------------------
     0 | D:1      | zeratav the Octopode Shapeshifter began the quest for the
                  | Orb.
     0 | D:1      | Reached XP level 1. HP: 13/13 MP: 1/1
     0 | D:1      | magus.rc [v1.9.6]
    92 | D:1      | Reached skill level 1 in Stealth
   145 | D:1      | Reached skill level 2 in Stealth
   150 | D:1      | Reached XP level 2. HP: 18/18 MP: 2/2
   345 | D:1      | Reached skill level 3 in Stealth
   402 | D:1      | HP: 1/18 [gnoll/+0 club (5)]
   404 | D:1      | Reached skill level 4 in Stealth
   404 | D:1      | Reached XP level 3. HP: 1/23 MP: 3/3
   737 | D:1      | Found a faded altar of an unknown god.
   967 | D:2      | Found a stormy altar of Qazlal.
  1073 | D:2      | Identified the +0 scale mail "Rukki" {rPois Regen+}
  1103 | D:2      | Noticed Robin
  1226 | D:2      | Reached skill level 5 in Stealth
  1237 | D:2      | HP: 4/23 [hobgoblin[Robin] (4)]
  1239 | D:2      | Reached XP level 4. HP: 5/28 MP: 4/4
  1239 | D:2      | Slain by a hobgoblin

Vanquished Creatures
  A gnoll (D:1)
  An adder (D:2)
  2 dart slugs (D:1)
  A bat (D:1)
  3 endoplasms
  3 giant cockroaches (D:2)
  6 goblins
  4 hobgoblins
  A quokka (D:1)
  3 ball pythons (D:1)
  2 frilled lizards
  2 kobolds (D:1)
  3 rats (D:1)
32 creatures vanquished.

Table legend:
 A = Non-vault XP
 B = Vault XP
 C = Vault XP percentage of total XP
 D = Non-vault monster count
 E = Vault monster count
 F = Vault count percentage of total count
                 A         B        C        D         E       F
            +---------+---------+-------+---------+---------+-------
      Total |      72 |      10 |  12.2 |      27 |       5 |  15.6
            +---------+---------+-------+---------+---------+-------
        D:1 |      44 |       0 |   0.0 |      18 |       0 |   0.0
        D:2 |      28 |      10 |  26.3 |       9 |       5 |  35.7
            +---------+---------+-------+---------+---------+-------

Skill      XL: |  1  2  3 |
---------------+----------+-----
Stealth        | 2 4 5 |  5.0
Fighting       | |  1.2
Dodging        | |  2.0
Unarmed Combat | |  3.0
Shapeshifting  | |  3.0

Action                     |  1- 3 |  4- 6 || total
---------------------------+-------+-------++-------
  Melee: Unarmed           |    61 |     1 ||    62
         Constrict         |    16 |     1 ||    17
         Tentacles         |    12 |       ||    12
   Stab: Sleeping          |     7 |       ||     7
 Armour: Skin              |    28 |     1 ||    29
  Dodge: Dodged            |    36 |       ||    36

Illustrated notes

Table legend:
 A = Kills in this place as a percentage of kills in the entire game.
 B = Kills by you in this place as a percentage of kills by you in the entire game.
 C = Kills by friends in this place as a percentage of kills by friends in the entire game.
 D = Other kills in this place as a percentage of other kills in the entire game.
 E = Experience gained in this place as a percentage of experience gained in the entire game.
 F = Experience gained in this place divided by the number of levels of this place that you have seen.
                   A       B       C       D       E      F
               +-------+-------+-------+-------+-------+----------------------
         Total | 100.0 | 100.0 |   N/A |   N/A | 100.0 |  41.0
       Dungeon | 100.0 | 100.0 |   N/A |   N/A | 100.0 |  41.0
               +-------+-------+-------+-------+-------+----------------------

Table legend: (Time is in decaauts)
 A = Elapsed time spent in this place.
 B = Non-inter-level travel time spent in this place.
 C = Inter-level travel time spent in this place.
 D = Time resting spent in this place.
 E = Time spent auto-exploring this place.
 F = Levels seen in this place.
 G = Mean time per level.
                   A        B        C        D        E       F      G
               +--------+--------+--------+--------+--------+-----+--------+
         Total |   1235 |   1207 |     28 |    105 |    845 |   2 |  617.5 |
       Dungeon |   1235 |   1207 |     28 |    105 |    845 |   2 |  617.5 |
               +--------+--------+--------+--------+--------+-----+--------+

Top non-repeatable levels by time:
     D:1: 784 daAuts
     D:2: 451 daAuts
